 Dungeon Crawl Stone Soup version 0.23-a0-636-g0ff6057 (webtiles) character file.

899 TheGoonsmith the Conjurer (level 7, -9/58 HPs)
             Began as a Green Draconian Conjurer on Dec 28, 2018.
             Was an Initiate of Vehumet.
             Mangled by an orc warrior
             ... wielding a +0 trident
              (19 damage)
             ... on level 6 of the Dungeon.
             The game lasted 00:10:57 (6181 turns).

TheGoonsmith the Conjurer (DrCj)                    Turns: 6181, Time: 00:10:58

Health: -9/58      AC:  8    Str: 10    XL:     7   Next: 79%
Magic:  7/14       EV: 12    Int: 17    God:    Vehumet [......]
Gold:   262        SH:  3    Dex: 12    Spells: 5/16 levels left

rFire    . . .     SeeInvis .   i - +0 long sword
rCold    . . .     Gourm    .   (no shield)
rNeg     . . .     Faith    .   (armour unavailable)
rPois    +         Spirit   .   (helmet restricted)
rElec    .         Reflect  +   f - +1 cloak
rCorr    .         Harm     .   (no gloves)
MR       +....                  (no boots)
Stlth    ++........             q - +3 amulet of reflection
HPRegen  0.19/turn              m - ring of flight
MPRegen  0.14/turn              p - ring of protection from magic

@: short of breath
A: breathe noxious fumes, unfitting armour, poison resistance, cold-blooded, AC
+6
a: Breathe Noxious Fumes, Renounce Religion, Evoke Flight


You were on level 6 of the Dungeon.
You worshipped Vehumet.
Vehumet was noncommittal.
You were hungry.

You visited 2 branches of the dungeon, and saw 7 of its levels.

You collected 262 gold pieces.

Inventory:

Hand Weapons
 a - a +0 whip
 c - a +0 club
 i - a +0 long sword (weapon)
 j - a +0 mace
 o - a +3 dagger
Armour
 f - a +1 cloak (worn)
Jewellery
 m - a ring of flight (left hand)
 p - a ring of protection from magic (right hand)
 q - a +3 amulet of reflection (around neck)
 u - an uncursed amulet of rage
Scrolls
 g - a scroll of blinking
 k - a scroll of remove curse
Potions
 e - 2 potions of heal wounds
 h - a potion of flight
 n - 3 potions of curing
 r - a potion of mutation {unknown}
 s - a potion of ambrosia {unknown}
Comestibles
 b - 6 rations
 l - a chunk of flesh


   Skills:
 + Level 3.9 Fighting
 - Level 2.0 Dodging
 - Level 1.7 Stealth
 - Level 5.1 Spellcasting
 + Level 7.2 Conjurations


You had 5 spell levels left.
You knew the following spells:

 Your Spells              Type           Power        Failure   Level  Hunger
a - Magic Dart            Conj           ####         1%          1    None
b - Searing Ray           Conj           ####..       1%          2    #......
x - Iskenderun's Mystic   Conj           ####....     7%          4    ####...
z - Fulminant Prism       Conj/Hex       ###.......   32%         4    ####...

Your spell library contained the following spells:

 Spells                   Type           Power        Failure   Level  Hunger
 Dazzling Spray           Conj/Hex       ###...       10%         3    ###....
 Summon Small Mammal      Summ           #...         14%         1    None
 Call Imp                 Summ           #.......     22%         2    #......
 Force Lance              Conj/Tloc      ###.....     32%         4    ####...
 Call Canine Familiar     Summ           #.......     38%         3    ###....
 Summon Guardian Golem    Hex/Summ       #.......     38%         3    ###....
 Summon Ice Beast         Ice/Summ       #.......     80%         4    ####...
 Summon Lightning Spire   Summ/Air       #.......     80%         4    ####...


Dungeon Overview and Level Annotations

Branches:
Dungeon (6/15)             Temple (1/1) D:5

Altars:
Ashenzari
Cheibriados
Dithmenos
Elyvilon
Gozag
Hepliaklqana
Kikubaaqudgha
Makhleb
Nemelex Xobeh
Okawaru
Qazlal
Ru
Sif Muna
Trog
Uskayaw
Vehumet
Wu Jian
Xom
Yredelemnul
Zin
The Shining One

Annotations:
D:6 3 runed doors, Geeful's ghost, novice OpEE


Innate Abilities, Weirdness & Mutations

You can breathe blasts of noxious fumes.
Your lurid green scales are hard. (AC +6)
You cannot fit into any form of body armour.
Your system is resistant to poisons. (rPois)
You are cold-blooded and may be slowed by cold attacks.


Message History

Casting: Searing Ray (safe; 1% risk of failure)
Confirm with . or Enter, or press ? or * to list all spells.
Okay, then.
Press: ? - help, Shift-Dir - straight line, f/p - orc warrior
Aim: an orc warrior, wielding a +0 trident and wearing a +0 plate armour of You exhale a blast of noxious fumes.
The blast of choking fumes hits the iguana.
The iguana is severely wounded.
The blast of choking fumes hits the orc warrior.
The orc warrior completely resists.
You feel somewhat more hungry. The orc warrior completely misses you.
The iguana is engulfed in noxious fumes.
The iguana appears confused.
The iguana bites you but does no damage.
You hit the iguana.
The iguana is severely wounded.
The iguana is engulfed in noxious fumes.
The iguana appears confused.
You block the iguana's attack.
The orc warrior hits you from afar with a +0 trident!!
You die...

##..##..#...#.....#.........####
##.......#>##....#.....#..## #.
####.......#......#..##l.#####
###........###.##..##..o.o.
##.#.......##.......##...###
#.....##..####.##....##÷##.. #
####.#.....## ##.......#...#.#
..##..#.###...####........##....#
.........##.....@lo§§.....##....#
...#....####......####...#......#
..................# ##.....)##.#
..................... #..##.###.#
.............................# .#
..............................
..........................$..
...................#... ..##
..............


You could see an orc warrior and an iguana (confused).

Vanquished Creatures
  An orc warrior (D:5)
  A sky beast (D:5)
  2 ogres (D:4)
  A bullfrog (D:4)
  A crimson imp (D:5)
  A centaur zombie (D:5)
  2 orc priests
  Jessica (D:3)
  An iguana (D:4)
  4 worker ants
  A hound skeleton (D:4)
  7 adders
  A shadow imp (D:4)
  An ooze (D:1)
  A worm (D:3)
  4 dart slugs
  5 leopard geckos
  11 orcs
  10 bats
  7 giant cockroaches
  10 goblins
  5 hobgoblins
  3 jackals (D:1)
  12 kobolds
  6 quokkas
  8 frilled lizards
  A leopard gecko skeleton (D:5)
  A leopard gecko zombie (D:5)
  3 rats
112 creatures vanquished.

Notes
Turn   | Place    | Note
-------+----------+-------------------------------------------
     0 | D:1      | TheGoonsmith the Draconian Conjurer began the quest for the
                  | Orb.
     0 | D:1      | Reached XP level 1. HP: 14/14 MP: 3/3
   311 | D:1      | Reached XP level 2. HP: 20/20 MP: 0/5
   802 | D:1      | Reached XP level 3. HP: 17/26 MP: 0/7
  1901 | D:2      | Reached XP level 4. HP: 33/33 MP: 5/8
  2252 | D:3      | Reached skill level 5 in Conjurations
  2823 | D:3      | Noticed Jessica
  2827 | D:3      | Killed Jessica
  2827 | D:3      | Reached XP level 5. HP: 38/38 MP: 6/10
  3127 | D:3      | Learned a level 2 spell: Searing Ray
  3132 | D:3      | Learned a level 4 spell: Iskenderun's Mystic Blast
  3137 | D:3      | Learned a level 4 spell: Fulminant Prism
  3397 | D:4      | Reached skill level 6 in Conjurations
  3397 | D:4      | Reached XP level 6. HP: 45/45 MP: 2/12
  3762 | D:4      | Reached skill level 1 in Fighting
  4060 | D:4      | Your scales start taking on a lurid green colour.
  4060 | D:4      | Reached XP level 7. HP: 51/55 MP: 4/14
  4060 | D:4      | Gained mutation: Your system is resistant to poisons.
                  | (rPois) [Green Draconian growth]
  4567 | D:5      | Entered Level 5 of the Dungeon
  5099 | D:5      | Reached skill level 5 in Spellcasting
  5451 | D:5      | Reached skill level 7 in Conjurations
  5633 | D:5      | Found a staircase to the Ecumenical Temple.
  5644 | Temple   | Entered the Ecumenical Temple
  5748 | Temple   | Became a worshipper of Vehumet
  6101 | D:6      | Found a runed gate.
  6101 | D:6      | Found a runed gate.
  6101 | D:6      | Found a runed gate.
  6112 | D:6      | Noticed Geeful's ghost (novice OpEE)
  6181 | D:6      | Mangled by an orc warrior

Vault maps used:
D:1:      minmay_arrival_split_and_join
D:3:      uniq_jessica
D:5:      minmay_temple_entry_stoned_glass, first_ration
D:6:      gammafunk_ghost_split
Temple:   kilobyte_greek_temple

Skill      XL: |  1  2  3  4  5  6  7 |
---------------+----------------------+-----
Dodging        | 2 |  2.0
Spellcasting   | 3 4 5 |  5.1
Conjurations   | 5 6 7 |  7.2
Fighting       | 2 3 |  3.9
Stealth        | |  1.7

Action                   |  1- 3 |  4- 6 |  7- 9 || total
-------------------------+-------+-------+-------++-------
Melee: Unarmed           |    21 |       |       ||    21
       Club              |    22 |       |       ||    22
       Whip              |    10 |       |       ||    10
       Tailslap          |     1 |       |     1 ||     2
       Dagger            |       |     5 |     8 ||    13
       Long sword        |       |       |     1 ||     1
 Cast: Magic Dart        |    90 |   130 |   105 ||   325
       Searing Ray       |       |     3 |     3 ||     6
       Iskenderun's Myst |       |       |     1 ||     1
 Abil: Breathe Noxious F |       |       |     6 ||     6
  Use: Scroll            |       |       |    14 ||    14
  Eat: Chunk             |     4 |     6 |     4 ||    14
       Ration            |       |       |     1 ||     1
Armor: Skin              |    34 |     8 |    11 ||    53
Dodge: Dodged            |    54 |    23 |    17 ||    94
Block: Other             |       |       |     1 ||     1
       Rpst.: Long sword |       |       |     1 ||     1

Table legend:
 A = Non-vault XP
 B = Vault XP
 C = Vault XP percentage of total XP
 D = Non-vault monster count
 E = Vault monster count
 F = Vault count percentage of total count
                 A         B        C        D         E       F
            +---------+---------+-------+---------+---------+-------
      Total |    1248 |      37 |   2.9 |     111 |       1 |   0.9
            +---------+---------+-------+---------+---------+-------
        D:1 |      62 |       0 |   0.0 |      30 |       0 |   0.0
        D:2 |      51 |       0 |   0.0 |      22 |       0 |   0.0
        D:3 |      62 |      37 |  37.4 |      15 |       1 |   6.2
        D:4 |     576 |       0 |   0.0 |      21 |       0 |   0.0
        D:5 |     438 |       0 |   0.0 |      16 |       0 |   0.0
        D:6 |      59 |       0 |   0.0 |       7 |       0 |   0.0
            +---------+---------+-------+---------+---------+-------
